Avalanche vs Oilers
Created - 5 mai 2013 at 19:38
Goals
|
| Avalanche |
0 |
0 |
2 |
2 |
| Oilers |
1 |
3 |
2 |
6 |
|
Shots
|
| Avalanche |
12 |
8 |
19 |
39 |
| Oilers |
7 |
9 |
13 |
29 |
|
1st period
1. Oilers , Pavel Datsyuk 42 (Joe Pavelski, Jonathan Toews) at 2:54
Penalties :
Kurtis Foster (Edm) for Interference (Minor) at 15:15
2nd period
2. Oilers , Pavel Datsyuk 43 (Joe Pavelski, Jonathan Toews) at 0:12
3. Oilers , Pascal Dupuis 10 (Pierre-Marc Bouchard, Ilya Kovalchuk) at 0:24
4. Oilers , Joe Pavelski 32 (Pavel Datsyuk) at 19:27
Penalties :
Kurtis Foster (Edm) for Hooking (Minor) at 3:37, Martin Lapointe (Edm) for Tripping (Minor) at 7:03
3rd period
5. Oilers , Steve Begin 20 (Patrick Kaleta) at 2:42
6. Avalanche , Oleg Kvasha 19 (Dave Tanabe) at 7:10
7. Avalanche , Radim Vrbata 19 (Radek Martinek, Jeff Taffe) at 9:34 (PP)
8. Oilers , Eric Nystrom 7 (Ilya Kovalchuk, Jiri Slegr) at 12:35
Penalties :
Jiri Slegr (Edm) for Interference (Minor) at 0:34, Mike Comrie (Col) for Interference (Minor) at 0:34, Kurtis Foster (Edm) for Delaying the game (Minor) at 4:08, Ian White (Edm) for Hooking (Minor) at 8:55, Jiri Slegr (Edm) for Interference (Minor) at 9:53, Steve Begin (Edm) for Holding (Minor) at 15:46
Goalie Stats
Antti Niemi (Col), 12 saves from 16 shots - (0,750), L, 21-29-6, 39:27 minutes
Patrick Lalime (Col), 11 saves from 13 shots - (0,846), 20:33 minutes
Cam Ward (Edm), 37 saves from 39 shots - (0,949), W, 33-21-6, 60:00 minutes
Players Stats for Avalanche
Player Name G A P +/- PIM S H SB GA TA FO MP PP MP PK MP
------------------------------------------------------------------------------------
Andrew Ladd 0 0 0 -1 0 2 0 1 0 0 0/0 19:01 5:09 0:00
Brian Campbell 0 0 0 -2 0 4 2 1 0 1 0/0 29:23 7:39 0:00
Dave Tanabe 0 1 1 -1 0 0 2 1 0 1 0/0 24:10 7:24 0:00
Dustin Byfuglien 0 0 0 0 0 0 0 0 0 1 0/0 8:20 0:00 0:00
Éric Perrin 0 0 0 0 0 5 1 0 0 0 2/5 8:58 0:00 0:00
Jack Johnson 0 0 0 -1 0 0 0 0 0 1 0/0 8:31 0:48 0:00
Jason Pominville 0 0 0 -5 0 3 2 0 0 0 2/3 23:59 6:37 0:00
Jeff Taffe 0 1 1 0 0 2 0 1 0 0 0/0 14:20 5:56 0:00
Jere Lehtinen 0 0 0 0 0 3 1 0 0 0 0/1 10:07 0:00 0:00
Marc Staal 0 0 0 -3 0 0 1 1 1 1 0/0 19:38 0:17 0:00
Mattias Norstrom 0 0 0 -1 0 1 0 0 0 0 0/0 14:20 0:00 0:00
Maxim Talbot 0 0 0 0 0 1 0 0 0 0 1/7 8:54 0:00 0:00
Mike Comrie 0 0 0 -5 2 4 1 0 0 0 16/37 22:44 6:37 0:00
Oleg Kvasha 1 0 1 0 0 2 1 0 0 0 6/14 17:49 5:56 0:00
Radek Martinek 0 1 1 -1 0 1 0 0 0 0 0/0 16:18 3:49 0:00
Radim Vrbata 1 0 1 0 0 6 1 0 0 0 1/1 17:49 5:56 0:00
Ryan Smyth 0 0 0 -5 0 5 3 1 1 0 1/4 24:41 6:37 0:00
Tom Sestito 0 0 0 0 0 0 2 1 0 0 0/0 8:58 0:00 0:00
Players Stats for Oilers
Player Name G A P +/- PIM S H SB GA TA FO MP PP MP PK MP
------------------------------------------------------------------------------------
Eric Nystrom 1 0 1 1 0 2 0 0 0 0 0/0 8:18 0:00 1:01
Erik Rasmussen 0 0 0 0 0 1 1 1 0 0 4/8 12:00 0:00 6:09
Ian White 0 0 0 3 2 2 5 2 0 0 0/0 19:54 0:00 1:17
Ilya Kovalchuk 0 2 2 1 0 3 3 0 0 0 0/1 18:13 0:00 1:59
Jiri Slegr 0 1 1 2 4 0 2 1 1 0 0/0 22:55 0:00 4:53
Joe Callahan 0 0 0 1 0 0 1 2 0 0 0/0 18:43 0:00 6:23
Joe Pavelski 1 2 3 3 0 4 0 0 0 0 0/0 15:23 0:00 0:00
Jonathan Toews 0 2 2 3 0 2 4 2 0 0 0/0 14:27 0:00 0:02
Kurtis Foster 0 0 0 2 6 0 1 0 1 0 0/0 16:33 0:00 0:00
Mark Fistric 0 0 0 1 0 0 1 2 0 0 0/0 19:13 0:00 6:10
Martin Lapointe 0 0 0 0 2 0 1 0 0 0 1/1 11:22 0:00 5:05
Marty Reasoner 0 0 0 1 0 0 1 0 0 0 9/12 15:41 0:00 5:50
Pascal Dupuis 1 0 1 0 0 1 1 0 0 0 1/2 14:04 0:00 0:00
Patrick Kaleta 0 1 1 1 0 2 1 0 1 0 0/0 9:51 0:00 0:00
Pavel Datsyuk 2 1 3 3 0 3 5 0 1 1 15/24 15:04 0:00 0:00
Pierre-Marc Bouchard 0 1 1 0 0 7 2 0 0 0 13/24 14:58 0:00 0:00
Steve Begin 1 0 1 1 2 2 2 0 1 0 0/0 15:06 0:00 5:00
Steve Montador 0 0 0 2 0 0 1 0 0 1 0/0 23:35 0:00 6:23
3 Stars
1 - Pavel Datsyuk (Edm)
2 - Joe Pavelski (Edm)
3 - Jonathan Toews (Edm)
Power Play
Avalanche - 1 on 7 Attempt(s) - 14,29%
Oilers - 0 on 0 Attempt(s) - 0,00%
Penalty Kill
Avalanche - 0 on 0 Attempt(s) - 0,00%
- Score 0 goal in Penalty Kill
Oilers - 6 on 7 Attempt(s) - 85,71%
- Score 0 goal in Penalty Kill
Official
Referees : Rooney Chris and Joannette Marc
Linesman : Dan Schachte and Brad Kovachik
Game Notes
Jack Johnson is injured at 18:44 of 1st period (Left Hip)
Patrick Lalime enters game at 19:27 of 2nd period
Finance
Level 1 -- Attendance: 5163 (86,05%) -- Ticket Income 423 366 $
Level 2 -- Attendance: 4265 (85,30%) -- Ticket Income 213 250 $
Level 3 -- Attendance: 1874 (93,70%) -- Ticket Income 52 472 $
Level 4 -- Attendance: 3732 (93,30%) -- Ticket Income 67 176 $
Luxury Box -- Attendance: 867 (86,70%) -- Ticket Income 149 124 $
Game was played at the Rexall Place
Total Attendance: 15901 (88,34%)
Total Ticket Income: 905 388 $
Other Income: 45 269 $
Total Income: 950 657 $
Avalanche
5 vs 5 Forward
Center Left Wing Right Wing Time % Phy DF OF
1 Mike Comrie Ryan Smyth Jason Pominville 40 1 2 2
2 Oleg Kvasha Andrew Ladd Radim Vrbata 30 1 2 2
3 Maxim Talbot Jeff Taffe Dustin Byfuglien 15 1 2 2
4 Éric Perrin Tom Sestito Jere Lehtinen 15 1 2 2
5 vs 5 Defense
Defense Defense Time % Phy DF OF
1 Marc Staal Jack Johnson 40 1 2 2
2 Brian Campbell Dave Tanabe 35 1 2 2
3 Mattias Norstrom Radek Martinek 25 1 2 2
4 Jack Johnson Marc Staal 0 1 2 2
PowerPlay Forward
Center Left Wing Right Wing Time % Phy DF OF
1 Mike Comrie Ryan Smyth Jason Pominville 60 1 2 2
2 Oleg Kvasha Jeff Taffe Radim Vrbata 40 1 2 2
PowerPlay Defense
Defense Defense Time % Phy DF OF
1 Brian Campbell Dave Tanabe 60 1 2 2
2 Jack Johnson Andrew Ladd 40 1 2 2
Penalty Kill 4 Players Forward
Center Wing Time % Phy DF OF
1 Maxim Talbot Jere Lehtinen 60 1 2 2
2 Mike Comrie Andrew Ladd 40 1 2 2
Penalty Kill 4 Players Defense
Defense Defense Time % Phy DF OF
1 Marc Staal Jack Johnson 60 1 2 2
2 Mattias Norstrom Dave Tanabe 40 1 2 2
Penalty Kill - 3 Players Forward
Forward Time % Phy DF OF
1 Jere Lehtinen 60 1 2 2
2 Jason Pominville 40 1 2 2
Penalty Kill - 3 Players Defense
Defense Defense Time % Phy DF OF
1 Marc Staal Jack Johnson 60 1 2 2
2 Mattias Norstrom Dave Tanabe 40 1 2 2
4 vs 4 Forward
Center Wing Time % Phy DF OF
1 Ryan Smyth Jason Pominville 60 1 2 2
2 Oleg Kvasha Mike Comrie 40 1 2 2
4 vs 4 Defense
Defense Defense Time % Phy DF OF
1 Dave Tanabe Mattias Norstrom 60 1 2 2
2 Marc Staal Jack Johnson 40 1 2 2
Last Minutes Offensive
Center Left Wing Right Wing Defense Defense
Mike Comrie Ryan Smyth Jason Pominville Dave Tanabe Brian Campbell
Last Minutes Defensive
Center Left Wing Right Wing Defense Defense
Mike Comrie Ryan Smyth Jason Pominville Marc Staal Jack Johnson
Goaltenders
Starting : Antti Niemi
Backup : Patrick Lalime
Extra Forwards
Normal : Radim Vrbata, Jere Lehtinen, Andrew Ladd - PP : Andrew Ladd, Dustin Byfuglien - PK : Ryan Smyth
Extra Defensemen
Normal : Brian Campbell, Jack Johnson, Marc Staal - PP : Radek Martinek - PK : Jack Johnson, Marc Staal
Penalty Shots
Ryan Smyth, Oleg Kvasha, Andrew Ladd, Radim Vrbata, Mike Comrie
Oilers
5 vs 5 Forward
Center Left Wing Right Wing Time % Phy DF OF
1 Pierre-Marc Bouchard Ilya Kovalchuk Pascal Dupuis 35 1 2 2
2 Pavel Datsyuk Jonathan Toews Joe Pavelski 35 1 2 2
3 Marty Reasoner Steve Begin Patrick Kaleta 20 1 2 2
4 Erik Rasmussen Eric Nystrom Martin Lapointe 10 1 3 1
5 vs 5 Defense
Defense Defense Time % Phy DF OF
1 Ian White Steve Montador 36 1 2 2
2 Joe Callahan Kurtis Foster 29 0 3 2
3 Jiri Slegr Mark Fistric 25 1 2 2
4 Jiri Slegr Kurtis Foster 10 1 2 2
PowerPlay Forward
Center Left Wing Right Wing Time % Phy DF OF
1 Pierre-Marc Bouchard Ilya Kovalchuk Pascal Dupuis 50 1 1 3
2 Pavel Datsyuk Jonathan Toews Joe Pavelski 50 1 1 3
PowerPlay Defense
Defense Defense Time % Phy DF OF
1 Ian White Steve Montador 50 0 2 3
2 Jiri Slegr Kurtis Foster 50 0 2 3
Penalty Kill 4 Players Forward
Center Wing Time % Phy DF OF
1 Marty Reasoner Steve Begin 50 1 3 1
2 Erik Rasmussen Martin Lapointe 50 1 3 1
Penalty Kill 4 Players Defense
Defense Defense Time % Phy DF OF
1 Steve Montador Joe Callahan 50 1 3 1
2 Jiri Slegr Mark Fistric 50 1 3 1
Penalty Kill - 3 Players Forward
Forward Time % Phy DF OF
1 Marty Reasoner 50 1 3 1
2 Steve Begin 50 1 3 1
Penalty Kill - 3 Players Defense
Defense Defense Time % Phy DF OF
1 Steve Montador Ian White 50 1 4 0
2 Jiri Slegr Joe Callahan 50 1 4 0
4 vs 4 Forward
Center Wing Time % Phy DF OF
1 Pavel Datsyuk Joe Pavelski 50 1 1 3
2 Pierre-Marc Bouchard Ilya Kovalchuk 50 1 1 3
4 vs 4 Defense
Defense Defense Time % Phy DF OF
1 Ian White Steve Montador 50 1 2 2
2 Jiri Slegr Kurtis Foster 50 1 2 2
Last Minutes Offensive
Center Left Wing Right Wing Defense Defense
Pavel Datsyuk Ilya Kovalchuk Joe Pavelski Ian White Jiri Slegr
Last Minutes Defensive
Center Left Wing Right Wing Defense Defense
Pavel Datsyuk Ilya Kovalchuk Joe Pavelski Jiri Slegr Ian White
Goaltenders
Starting : Cam Ward
Backup : Byron Dafoe
Extra Forwards
Normal : Joe Pavelski, Ilya Kovalchuk, Pavel Datsyuk - PP : Patrick Kaleta, Steve Begin - PK : Ilya Kovalchuk
Extra Defensemen
Normal : Joe Callahan, Steve Montador, Ian White - PP : Joe Callahan - PK : Ian White, Kurtis Foster
Penalty Shots
Ilya Kovalchuk, Pavel Datsyuk, Joe Pavelski, Pierre-Marc Bouchard, Jonathan Toews
% Time on Ice - Avalanche
Lines # - Real PCT - Wanted PCT - Time Play
Normal Forward
1 - 35% - 40% - 16:08
2 - 25% - 30% - 11:28
3 - 20% - 15% - 8:54
4 - 20% - 15% - 8:58
Normal Defense
1 - 42% - 40% - 19:08
2 - 33% - 35% - 15:05
3 - 23% - 25% - 10:38
4 - 1% - 0% - 0:37
PP Forward
1 - 53% - 60% - 6:37
2 - 47% - 40% - 5:56
PP Defense
1 - 59% - 60% - 7:24
2 - 41% - 40% - 5:09
PK Forward
1 - 0% - 60%
2 - 0% - 40%
PK Defense
1 - 0% - 60%
2 - 0% - 40%
PK3 Forward
1 - 0% - 60%
2 - 0% - 40%
PK3 Defense
1 - 0% - 60%
2 - 0% - 40%
44 Forward
1 - 79% - 60% - 1:34
2 - 21% - 40% - 0:25
44 Defense
1 - 70% - 60% - 1:23
2 - 30% - 40% - 0:36
Last Minute Offensive - 0:00
Last Minute Defensive - 0:00
Total
Forward - 60:00
Defense - 60:00
|
% Time on Ice - Oilers
Lines # - Real PCT - Wanted PCT - Time Play
Normal Forward
1 - 32% - 35% - 14:37
2 - 34% - 35% - 15:26
3 - 22% - 20% - 9:51
4 - 12% - 10% - 5:34
Normal Defense
1 - 37% - 36% - 16:44
2 - 30% - 29% - 13:32
3 - 24% - 25% - 11:03
4 - 9% - 10% - 4:09
PP Forward
1 - 0% - 50%
2 - 0% - 50%
PP Defense
1 - 0% - 50%
2 - 0% - 50%
PK Forward
1 - 49% - 50% - 6:11
2 - 51% - 50% - 6:22
PK Defense
1 - 51% - 50% - 6:23
2 - 49% - 50% - 6:10
PK3 Forward
1 - 0% - 50%
2 - 0% - 50%
PK3 Defense
1 - 0% - 50%
2 - 0% - 50%
44 Forward
1 - 55% - 50% - 1:06
2 - 45% - 50% - 0:53
44 Defense
1 - 66% - 50% - 1:19
2 - 34% - 50% - 0:40
Last Minute Offensive - 0:00
Last Minute Defensive - 0:00
Total
Forward - 60:00
Defense - 60:00
|
Play by Play
1st period
0:01 of 1st period - Pierre-Marc Bouchard wins face-off versus Mike Comrie in neutral zone.
0:26 of 1st period - Marc Staal is hit by Ian White and loses puck.
0:57 of 1st period - Snap shot by Jeff Taffe.
0:57 of 1st period - Stopped by Cam Ward without a rebound.
0:58 of 1st period - Éric Perrin wins face-off versus Erik Rasmussen in Oilers zone.
1:01 of 1st period - Snap shot by Éric Perrin.
1:01 of 1st period - Stopped by Cam Ward with a rebound.
1:03 of 1st period - Slapshot by Brian Campbell.
1:03 of 1st period - Stopped by Cam Ward without a rebound.
1:04 of 1st period - Erik Rasmussen wins face-off versus Éric Perrin in Oilers zone.
1:17 of 1st period - Wrist shot by Éric Perrin.
1:17 of 1st period - Stopped by Cam Ward without a rebound.
1:18 of 1st period - Mike Comrie wins face-off versus Pavel Datsyuk in Oilers zone.
1:27 of 1st period - Radek Martinek is hit by Jonathan Toews and loses puck.
1:32 of 1st period - Snap shot by Joe Pavelski.
1:32 of 1st period - Stopped by Antti Niemi with a rebound.
2:54 of 1st period - Wrist shot by Pavel Datsyuk.
2:54 of 1st period - Goal by Pavel Datsyuk - Avalanche : 0 - Oilers : 1.
2:55 of 1st period - Pierre-Marc Bouchard wins face-off versus Mike Comrie in neutral zone.
3:08 of 1st period - Snap shot by Ilya Kovalchuk.
3:08 of 1st period - Shot Misses the Net.
4:22 of 1st period - Snap shot by Ryan Smyth.
4:22 of 1st period - Stopped by Cam Ward with a rebound.
4:24 of 1st period - Wrist shot by Ryan Smyth.
4:24 of 1st period - Stopped by Cam Ward without a rebound.
4:25 of 1st period - Mike Comrie wins face-off versus Erik Rasmussen in Oilers zone.
4:58 of 1st period - Snap shot by Eric Nystrom.
4:58 of 1st period - Stopped by Antti Niemi with a rebound.
5:00 of 1st period - Snap shot by Eric Nystrom.
5:00 of 1st period - Shot Misses the Net.
5:02 of 1st period - Slapshot by Ian White.
5:02 of 1st period - Deflect By Eric Nystrom.
5:02 of 1st period - Shot Blocked by Andrew Ladd.
5:02 of 1st period - Puck is out of play.
5:03 of 1st period - Pavel Datsyuk wins face-off versus Mike Comrie in Avalanche zone.
5:08 of 1st period - Wrist shot by Pavel Datsyuk.
5:08 of 1st period - Shot Misses the Net.
5:31 of 1st period - Off-side.
5:32 of 1st period - Oleg Kvasha wins face-off versus Pierre-Marc Bouchard in neutral zone.
6:28 of 1st period - Snap shot by Radim Vrbata.
6:28 of 1st period - Stopped by Cam Ward with a rebound.
6:30 of 1st period - Wrist shot by Andrew Ladd.
6:30 of 1st period - Stopped by Cam Ward without a rebound.
6:31 of 1st period - Pavel Datsyuk wins face-off versus Ryan Smyth in Oilers zone.
7:29 of 1st period - Wrist shot by Maxim Talbot.
7:29 of 1st period - Stopped by Cam Ward without a rebound.
7:30 of 1st period - Pavel Datsyuk wins face-off versus Mike Comrie in Oilers zone.
8:39 of 1st period - Éric Perrin is hit by Ian White.
9:44 of 1st period - Wrist shot by Patrick Kaleta.
9:44 of 1st period - Shot Misses the Net.
10:02 of 1st period - Mark Fistric is hit by Oleg Kvasha and loses puck.
10:46 of 1st period - Wrist shot by Pierre-Marc Bouchard.
10:46 of 1st period - Shot Blocked by Brian Campbell.
10:48 of 1st period - Snap shot by Ilya Kovalchuk.
10:48 of 1st period - Shot Misses the Net.
10:50 of 1st period - Wrist shot by Ilya Kovalchuk.
10:50 of 1st period - Shot Misses the Net.
11:06 of 1st period - Jere Lehtinen is hit by Patrick Kaleta and loses puck.
11:19 of 1st period - Snap shot by Éric Perrin.
11:19 of 1st period - Stopped by Cam Ward without a rebound.
11:20 of 1st period - Oleg Kvasha wins face-off versus Pavel Datsyuk in Oilers zone.
11:45 of 1st period - Mike Comrie is hit by Pierre-Marc Bouchard and loses puck.
12:08 of 1st period - Wrist shot by Patrick Kaleta.
12:08 of 1st period - Stopped by Antti Niemi with a rebound.
12:10 of 1st period - Wrist shot by Patrick Kaleta.
12:10 of 1st period - Stopped by Antti Niemi without a rebound.
12:11 of 1st period - Marty Reasoner wins face-off versus Maxim Talbot in Avalanche zone.
12:12 of 1st period - Wrist shot by Patrick Kaleta.
12:12 of 1st period - Shot Blocked by Marc Staal.
12:36 of 1st period - Joe Pavelski is hit by Marc Staal and loses puck.
13:16 of 1st period - Jason Pominville is hit by Erik Rasmussen and loses puck.
13:31 of 1st period - Snap shot by Jason Pominville.
13:31 of 1st period - Deflect By Ryan Smyth.
13:31 of 1st period - Shot Blocked by Ian White.
13:31 of 1st period - Puck is out of play.
13:32 of 1st period - Oleg Kvasha wins face-off versus Pavel Datsyuk in Oilers zone.
13:57 of 1st period - Pascal Dupuis is hit by Jere Lehtinen and loses puck.
14:06 of 1st period - Jere Lehtinen is hit by Pierre-Marc Bouchard and loses puck.
14:29 of 1st period - Slapshot by Brian Campbell.
14:29 of 1st period - Deflect By Jeff Taffe.
14:29 of 1st period - Stopped by Cam Ward without a rebound.
14:30 of 1st period - Pavel Datsyuk wins face-off versus Oleg Kvasha in Oilers zone.
14:37 of 1st period - Snap shot by Joe Pavelski.
14:37 of 1st period - Stopped by Antti Niemi with a rebound.
14:45 of 1st period - Snap shot by Jonathan Toews.
14:45 of 1st period - Deflect By Oleg Kvasha.
14:45 of 1st period - Stopped by Antti Niemi without a rebound.
14:46 of 1st period - Mike Comrie wins face-off versus Pierre-Marc Bouchard in Avalanche zone.
15:15 of 1st period - Minor Penalty to Kurtis Foster for Interference.
15:16 of 1st period - Marty Reasoner wins face-off versus Mike Comrie in Oilers zone.
16:35 of 1st period - Dave Tanabe is hit by Jiri Slegr and loses puck.
17:15 of 1st period - Penalty to Kurtis Foster is over, Kurtis Foster is back on ice.
17:34 of 1st period - Ian White is hit by Éric Perrin and loses puck.
18:30 of 1st period - Marc Staal is hit by Pavel Datsyuk and loses puck.
18:43 of 1st period - Jack Johnson is hit by Martin Lapointe and loses puck.
18:44 of 1st period - Jack Johnson from Avalanche is injured at 18:44 of 1st period (Left Hip).
18:45 of 1st period - Mike Comrie wins face-off versus Pavel Datsyuk in Avalanche zone.
19:01 of 1st period - Snap shot by Ryan Smyth.
19:01 of 1st period - Shot Blocked by Jonathan Toews.
19:33 of 1st period - Slapshot by Brian Campbell.
19:33 of 1st period - Stopped by Cam Ward with a rebound.
2nd period
0:01 of 2nd period - Pavel Datsyuk wins face-off versus Mike Comrie in neutral zone.
0:12 of 2nd period - Wrist shot by Pavel Datsyuk.
0:12 of 2nd period - Goal by Pavel Datsyuk - Avalanche : 0 - Oilers : 2.
0:13 of 2nd period - Pascal Dupuis wins face-off versus Mike Comrie in neutral zone.
0:22 of 2nd period - Snap shot by Pierre-Marc Bouchard.
0:22 of 2nd period - Stopped by Antti Niemi with a rebound.
0:24 of 2nd period - Snap shot by Pascal Dupuis.
0:24 of 2nd period - Goal by Pascal Dupuis - Avalanche : 0 - Oilers : 3.
0:25 of 2nd period - Mike Comrie wins face-off versus Pavel Datsyuk in neutral zone.
0:59 of 2nd period - Snap shot by Ilya Kovalchuk.
0:59 of 2nd period - Stopped by Antti Niemi without a rebound.
1:00 of 2nd period - Pavel Datsyuk wins face-off versus Mike Comrie in Avalanche zone.
1:09 of 2nd period - Wrist shot by Ryan Smyth.
1:09 of 2nd period - Stopped by Cam Ward without a rebound.
1:10 of 2nd period - Mike Comrie wins face-off versus Pavel Datsyuk in Oilers zone.
1:11 of 2nd period - Snap shot by Jason Pominville.
1:11 of 2nd period - Stopped by Cam Ward with a rebound.
1:13 of 2nd period - Slapshot by Jason Pominville.
1:13 of 2nd period - Shot Misses the Net.
1:49 of 2nd period - Mike Comrie is hit by Pavel Datsyuk.
2:19 of 2nd period - Snap shot by Joe Pavelski.
2:19 of 2nd period - Stopped by Antti Niemi without a rebound.
2:20 of 2nd period - Pierre-Marc Bouchard wins face-off versus Oleg Kvasha in Avalanche zone.
2:27 of 2nd period - Slapshot by Andrew Ladd.
2:27 of 2nd period - Stopped by Cam Ward without a rebound.
2:28 of 2nd period - Oleg Kvasha wins face-off versus Pierre-Marc Bouchard in Oilers zone.
3:03 of 2nd period - Snap shot by Éric Perrin.
3:03 of 2nd period - Stopped by Cam Ward without a rebound.
3:04 of 2nd period - Pierre-Marc Bouchard wins face-off versus Maxim Talbot in Oilers zone.
3:09 of 2nd period - Jeff Taffe is hit by Joe Callahan and loses puck.
3:14 of 2nd period - Wrist shot by Pierre-Marc Bouchard.
3:14 of 2nd period - Stopped by Antti Niemi without a rebound.
3:15 of 2nd period - Mike Comrie wins face-off versus Pierre-Marc Bouchard in Avalanche zone.
3:15 of 2nd period - Mike Comrie is hit by Ilya Kovalchuk.
3:23 of 2nd period - Ilya Kovalchuk is hit by Jason Pominville and loses puck.
3:37 of 2nd period - Minor Penalty to Kurtis Foster for Hooking.
3:38 of 2nd period - Marty Reasoner wins face-off versus Mike Comrie in Oilers zone.
4:07 of 2nd period - Snap shot by Oleg Kvasha.
4:07 of 2nd period - Shot Misses the Net.
4:09 of 2nd period - Slapshot by Oleg Kvasha.
4:09 of 2nd period - Stopped by Cam Ward without a rebound.
4:10 of 2nd period - Mike Comrie wins face-off versus Marty Reasoner in Oilers zone.
4:15 of 2nd period - Slapshot by Ryan Smyth.
4:15 of 2nd period - Shot Blocked by Joe Callahan.
4:35 of 2nd period - Andrew Ladd is hit by Steve Begin and loses puck.
5:37 of 2nd period - Penalty to Kurtis Foster is over, Kurtis Foster is back on ice.
5:52 of 2nd period - Ilya Kovalchuk is hit by Tom Sestito and loses puck.
6:01 of 2nd period - Jere Lehtinen is hit by Ian White.
6:11 of 2nd period - Jeff Taffe is hit by Pavel Datsyuk and loses puck.
6:22 of 2nd period - Snap shot by Jonathan Toews.
6:22 of 2nd period - Shot Misses the Net.
6:58 of 2nd period - Off-side.
6:59 of 2nd period - Erik Rasmussen wins face-off versus Éric Perrin in neutral zone.
7:03 of 2nd period - Minor Penalty to Martin Lapointe for Tripping.
7:04 of 2nd period - Erik Rasmussen wins face-off versus Jason Pominville in Oilers zone.
7:19 of 2nd period - Snap shot by Erik Rasmussen.
7:19 of 2nd period - Stopped by Antti Niemi without a rebound.
7:20 of 2nd period - Mike Comrie wins face-off versus Marty Reasoner in Avalanche zone.
9:03 of 2nd period - Penalty to Martin Lapointe is over, Martin Lapointe is back on ice.
9:19 of 2nd period - Snap shot by Éric Perrin.
9:19 of 2nd period - Stopped by Cam Ward with a rebound.
9:21 of 2nd period - Snap shot by Marc Staal.
9:21 of 2nd period - Shot Misses the Net.
9:23 of 2nd period - Slapshot by Marc Staal.
9:23 of 2nd period - Shot Blocked by Mark Fistric.
10:31 of 2nd period - Wrist shot by Radim Vrbata.
10:31 of 2nd period - Stopped by Cam Ward without a rebound.
10:32 of 2nd period - Marty Reasoner wins face-off versus Mike Comrie in Oilers zone.
10:50 of 2nd period - Steve Begin is hit by Ryan Smyth and loses puck.
11:28 of 2nd period - Jere Lehtinen is hit by Jonathan Toews and loses puck.
11:57 of 2nd period - Mattias Norstrom is hit by Jiri Slegr.
12:54 of 2nd period - Radim Vrbata is hit by Steve Montador and loses puck.
13:57 of 2nd period - Off-side.
13:58 of 2nd period - Mike Comrie wins face-off versus Pavel Datsyuk in neutral zone.
14:12 of 2nd period - Radek Martinek is hit by Jonathan Toews and loses puck.
14:53 of 2nd period - Snap shot by Patrick Kaleta.
14:53 of 2nd period - Shot Blocked by Dave Tanabe.
15:04 of 2nd period - Snap shot by Patrick Kaleta.
15:04 of 2nd period - Shot Misses the Net.
15:48 of 2nd period - Joe Pavelski is hit by Radim Vrbata and loses puck.
16:07 of 2nd period - Icing by Jere Lehtinen.
16:08 of 2nd period - Martin Lapointe wins face-off versus Maxim Talbot in Avalanche zone.
16:35 of 2nd period - Snap shot by Eric Nystrom.
16:35 of 2nd period - Shot Blocked by Jeff Taffe.
16:45 of 2nd period - Wrist shot by Maxim Talbot.
16:45 of 2nd period - Deflect By Jeff Taffe.
16:45 of 2nd period - Shot Blocked by Jiri Slegr.
16:45 of 2nd period - Puck is out of play.
16:46 of 2nd period - Mike Comrie wins face-off versus Pierre-Marc Bouchard in Oilers zone.
16:47 of 2nd period - Slapshot by Ryan Smyth.
16:47 of 2nd period - Shot Blocked by Ian White.
17:36 of 2nd period - Marty Reasoner is hit by Tom Sestito.
17:56 of 2nd period - Martin Lapointe is hit by Ryan Smyth and loses puck.
18:13 of 2nd period - Jeff Taffe is hit by Pascal Dupuis and loses puck.
18:22 of 2nd period - Backhand shot by Pierre-Marc Bouchard.
18:22 of 2nd period - Stopped by Antti Niemi without a rebound.
18:23 of 2nd period - Radim Vrbata wins face-off versus Pavel Datsyuk in Avalanche zone.
18:32 of 2nd period - Snap shot by Radim Vrbata.
18:32 of 2nd period - Stopped by Cam Ward without a rebound.
18:33 of 2nd period - Pavel Datsyuk wins face-off versus Oleg Kvasha in Oilers zone.
18:40 of 2nd period - Radek Martinek is hit by Pavel Datsyuk and loses puck.
19:00 of 2nd period - Andrew Ladd is hit by Pavel Datsyuk and loses puck.
19:25 of 2nd period - Snap shot by Pavel Datsyuk.
19:25 of 2nd period - Shot Misses the Net.
19:27 of 2nd period - Slapshot by Joe Pavelski.
19:27 of 2nd period - Goal by Joe Pavelski - Avalanche : 0 - Oilers : 4.
19:27 of 2nd period - Patrick Lalime enters game.
19:28 of 2nd period - Pierre-Marc Bouchard wins face-off versus Mike Comrie in neutral zone.
3rd period
0:01 of 3rd period - Mike Comrie wins face-off versus Pierre-Marc Bouchard in neutral zone.
0:06 of 3rd period - Ian White is hit by Brian Campbell and loses puck.
0:11 of 3rd period - Wrist shot by Jason Pominville.
0:11 of 3rd period - Stopped by Cam Ward without a rebound.
0:12 of 3rd period - Pierre-Marc Bouchard wins face-off versus Mike Comrie in Oilers zone.
0:25 of 3rd period - Off-side.
0:26 of 3rd period - Pavel Datsyuk wins face-off versus Mike Comrie in neutral zone.
0:31 of 3rd period - Wrist shot by Ryan Smyth.
0:31 of 3rd period - Shot Blocked by Jonathan Toews.
0:33 of 3rd period - Slapshot by Mike Comrie.
0:33 of 3rd period - Stopped by Cam Ward without a rebound.
0:34 of 3rd period - Pavel Datsyuk wins face-off versus Mike Comrie in Oilers zone.
0:34 of 3rd period - Minor Penalty to Jiri Slegr for Interference.
0:34 of 3rd period - Minor Penalty to Mike Comrie for Interference.
0:35 of 3rd period - Pavel Datsyuk wins face-off versus Ryan Smyth in Oilers zone.
0:37 of 3rd period - Icing by Ian White.
0:38 of 3rd period - Pavel Datsyuk wins face-off versus Ryan Smyth in Oilers zone.
0:38 of 3rd period - Pavel Datsyuk is hit by Jason Pominville.
1:12 of 3rd period - Wrist shot by Pierre-Marc Bouchard.
1:12 of 3rd period - Deflect By Ilya Kovalchuk.
1:12 of 3rd period - Deflect By Jason Pominville.
1:12 of 3rd period - Stopped by Patrick Lalime with a rebound.
1:14 of 3rd period - Slapshot by Ian White.
1:14 of 3rd period - Shot Misses the Net.
1:55 of 3rd period - Snap shot by Jere Lehtinen.
1:55 of 3rd period - Stopped by Cam Ward without a rebound.
1:56 of 3rd period - Pierre-Marc Bouchard wins face-off versus Jere Lehtinen in Oilers zone.
2:34 of 3rd period - Penalty to Jiri Slegr is over, Jiri Slegr is back on ice.
2:34 of 3rd period - Penalty to Mike Comrie is over, Mike Comrie is back on ice.
2:42 of 3rd period - Wrist shot by Steve Begin.
2:42 of 3rd period - Goal by Steve Begin - Avalanche : 0 - Oilers : 5.
2:43 of 3rd period - Pierre-Marc Bouchard wins face-off versus Oleg Kvasha in neutral zone.
2:46 of 3rd period - Brian Campbell is hit by Ian White and loses puck.
3:35 of 3rd period - Radek Martinek is hit by Jonathan Toews and loses puck.
3:59 of 3rd period - Wrist shot by Patrick Kaleta.
3:59 of 3rd period - Shot Misses the Net.
4:08 of 3rd period - Minor Penalty to Kurtis Foster for Delaying the game.
4:09 of 3rd period - Marty Reasoner wins face-off versus Mike Comrie in Oilers zone.
4:20 of 3rd period - Slapshot by Dave Tanabe.
4:20 of 3rd period - Deflect By Ryan Smyth.
4:20 of 3rd period - Stopped by Cam Ward with a rebound.
4:34 of 3rd period - Dave Tanabe is hit by Marty Reasoner and loses puck.
5:01 of 3rd period - Jason Pominville is hit by Mark Fistric and loses puck.
6:08 of 3rd period - Penalty to Kurtis Foster is over, Kurtis Foster is back on ice.
6:37 of 3rd period - Radek Martinek is hit by Ian White.
6:38 of 3rd period - Icing by Radek Martinek.
6:39 of 3rd period - Pavel Datsyuk wins face-off versus Maxim Talbot in Avalanche zone.
6:51 of 3rd period - Icing by Mattias Norstrom.
6:52 of 3rd period - Maxim Talbot wins face-off versus Pascal Dupuis in Avalanche zone.
6:59 of 3rd period - Slapshot by Mattias Norstrom.
6:59 of 3rd period - Shot Blocked by Joe Callahan.
7:01 of 3rd period - Slapshot by Radek Martinek.
7:01 of 3rd period - Stopped by Cam Ward without a rebound.
7:02 of 3rd period - Pierre-Marc Bouchard wins face-off versus Oleg Kvasha in Oilers zone.
7:02 of 3rd period - Pierre-Marc Bouchard is hit by Dave Tanabe.
7:10 of 3rd period - Snap shot by Oleg Kvasha.
7:10 of 3rd period - Goal by Oleg Kvasha - Avalanche : 1 - Oilers : 5.
7:11 of 3rd period - Pierre-Marc Bouchard wins face-off versus Mike Comrie in neutral zone.
7:22 of 3rd period - Slapshot by Brian Campbell.
7:22 of 3rd period - Deflect By Ilya Kovalchuk.
7:22 of 3rd period - Stopped by Cam Ward without a rebound.
7:23 of 3rd period - Mike Comrie wins face-off versus Pierre-Marc Bouchard in Oilers zone.
7:30 of 3rd period - Snap shot by Pierre-Marc Bouchard.
7:30 of 3rd period - Stopped by Patrick Lalime with a rebound.
7:44 of 3rd period - Pierre-Marc Bouchard is hit by Brian Campbell and loses puck.
8:03 of 3rd period - Snap shot by Joe Pavelski.
8:03 of 3rd period - Deflect By Pavel Datsyuk.
8:03 of 3rd period - Shot Misses the Net.
8:03 of 3rd period - Puck is out of play.
8:04 of 3rd period - Pavel Datsyuk wins face-off versus Éric Perrin in Avalanche zone.
8:29 of 3rd period - Kurtis Foster is hit by Mike Comrie and loses puck.
8:38 of 3rd period - Slapshot by Mike Comrie.
8:38 of 3rd period - Shot Misses the Net.
8:40 of 3rd period - Snap shot by Mattias Norstrom.
8:40 of 3rd period - Stopped by Cam Ward without a rebound.
8:41 of 3rd period - Oleg Kvasha wins face-off versus Pierre-Marc Bouchard in Oilers zone.
8:48 of 3rd period - Snap shot by Pierre-Marc Bouchard.
8:48 of 3rd period - Stopped by Patrick Lalime with a rebound.
8:50 of 3rd period - Wrist shot by Pascal Dupuis.
8:50 of 3rd period - Deflect By Ilya Kovalchuk.
8:50 of 3rd period - Stopped by Patrick Lalime without a rebound.
8:51 of 3rd period - Pierre-Marc Bouchard wins face-off versus Oleg Kvasha in Avalanche zone.
8:52 of 3rd period - Wrist shot by Ilya Kovalchuk.
8:52 of 3rd period - Shot Misses the Net.
8:55 of 3rd period - Minor Penalty to Ian White for Hooking.
8:56 of 3rd period - Marty Reasoner wins face-off versus Mike Comrie in Oilers zone.
9:24 of 3rd period - Wrist shot by Radim Vrbata.
9:24 of 3rd period - Deflect By Martin Lapointe.
9:24 of 3rd period - Shot Blocked by Erik Rasmussen.
9:24 of 3rd period - Puck is out of play.
9:25 of 3rd period - Oleg Kvasha wins face-off versus Erik Rasmussen in Oilers zone.
9:30 of 3rd period - Snap shot by Jeff Taffe.
9:30 of 3rd period - Deflect By Radim Vrbata.
9:30 of 3rd period - Stopped by Cam Ward with a rebound.
9:32 of 3rd period - Slapshot by Radek Martinek.
9:32 of 3rd period - Shot Misses the Net.
9:34 of 3rd period - Slapshot by Radim Vrbata.
9:34 of 3rd period - Goal by Radim Vrbata - Avalanche : 2 - Oilers : 5.
9:35 of 3rd period - Jason Pominville wins face-off versus Ilya Kovalchuk in neutral zone.
9:38 of 3rd period - Slapshot by Brian Campbell.
9:38 of 3rd period - Stopped by Cam Ward without a rebound.
9:39 of 3rd period - Ryan Smyth wins face-off versus Pierre-Marc Bouchard in Oilers zone.
9:40 of 3rd period - Snap shot by Jason Pominville.
9:40 of 3rd period - Stopped by Cam Ward with a rebound.
9:42 of 3rd period - Snap shot by Mike Comrie.
9:42 of 3rd period - Stopped by Cam Ward with a rebound.
9:44 of 3rd period - Snap shot by Mike Comrie.
9:44 of 3rd period - Stopped by Cam Ward with a rebound.
9:46 of 3rd period - Wrist shot by Mike Comrie.
9:46 of 3rd period - Stopped by Cam Ward with a rebound.
9:53 of 3rd period - Minor Penalty to Jiri Slegr for Interference.
9:54 of 3rd period - Marty Reasoner wins face-off versus Mike Comrie in Oilers zone.
10:23 of 3rd period - Mark Fistric is hit by Dave Tanabe and loses puck.
11:26 of 3rd period - Snap shot by Ryan Smyth.
11:26 of 3rd period - Shot Misses the Net.
11:28 of 3rd period - Wrist shot by Jason Pominville.
11:28 of 3rd period - Shot Blocked by Mark Fistric.
11:53 of 3rd period - Penalty to Jiri Slegr is over, Jiri Slegr is back on ice.
11:56 of 3rd period - Jason Pominville is hit by Ilya Kovalchuk and loses puck.
12:01 of 3rd period - Snap shot by Ilya Kovalchuk.
12:01 of 3rd period - Shot Misses the Net.
12:03 of 3rd period - Snap shot by Jiri Slegr.
12:03 of 3rd period - Shot Misses the Net.
12:05 of 3rd period - Slapshot by Mark Fistric.
12:05 of 3rd period - Shot Misses the Net.
12:07 of 3rd period - Snap shot by Eric Nystrom.
12:07 of 3rd period - Shot Misses the Net.
12:09 of 3rd period - Wrist shot by Jiri Slegr.
12:09 of 3rd period - Shot Blocked by Ryan Smyth.
12:11 of 3rd period - Wrist shot by Ilya Kovalchuk.
12:11 of 3rd period - Shot Misses the Net.
12:27 of 3rd period - Snap shot by Mike Comrie.
12:27 of 3rd period - Shot Misses the Net.
12:35 of 3rd period - Snap shot by Eric Nystrom.
12:35 of 3rd period - Goal by Eric Nystrom - Avalanche : 2 - Oilers : 6.
12:36 of 3rd period - Éric Perrin wins face-off versus Pavel Datsyuk in neutral zone.
13:28 of 3rd period - Mattias Norstrom is hit by Kurtis Foster and loses puck.
13:53 of 3rd period - Snap shot by Eric Nystrom.
13:53 of 3rd period - Deflect By Éric Perrin.
13:53 of 3rd period - Shot Misses the Net.
13:53 of 3rd period - Puck is out of play.
13:54 of 3rd period - Pavel Datsyuk wins face-off versus Oleg Kvasha in Avalanche zone.
13:55 of 3rd period - Slapshot by Joe Pavelski.
13:55 of 3rd period - Shot Misses the Net.
13:57 of 3rd period - Backhand shot by Jonathan Toews.
13:57 of 3rd period - Stopped by Patrick Lalime with a rebound.
14:03 of 3rd period - Snap shot by Pavel Datsyuk.
14:03 of 3rd period - Stopped by Patrick Lalime without a rebound.
14:04 of 3rd period - Pavel Datsyuk wins face-off versus Oleg Kvasha in Avalanche zone.
14:09 of 3rd period - Snap shot by Pavel Datsyuk.
14:09 of 3rd period - Deflect By Jonathan Toews.
14:09 of 3rd period - Shot Misses the Net.
14:09 of 3rd period - Puck is out of play.
14:10 of 3rd period - Pierre-Marc Bouchard wins face-off versus Mike Comrie in Avalanche zone.
14:21 of 3rd period - Wrist shot by Pierre-Marc Bouchard.
14:21 of 3rd period - Stopped by Patrick Lalime with a rebound.
14:23 of 3rd period - Backhand shot by Ian White.
14:23 of 3rd period - Stopped by Patrick Lalime with a rebound.
14:25 of 3rd period - Wrist shot by Ian White.
14:25 of 3rd period - Stopped by Patrick Lalime with a rebound.
15:07 of 3rd period - Wrist shot by Jere Lehtinen.
15:07 of 3rd period - Stopped by Cam Ward with a rebound.
15:46 of 3rd period - Minor Penalty to Steve Begin for Holding.
15:47 of 3rd period - Jason Pominville wins face-off versus Erik Rasmussen in Oilers zone.
15:48 of 3rd period - Wrist shot by Ryan Smyth.
15:48 of 3rd period - Stopped by Cam Ward without a rebound.
15:49 of 3rd period - Erik Rasmussen wins face-off versus Mike Comrie in Oilers zone.
16:23 of 3rd period - Snap shot by Radim Vrbata.
16:23 of 3rd period - Stopped by Cam Ward without a rebound.
16:24 of 3rd period - Mike Comrie wins face-off versus Marty Reasoner in Oilers zone.
16:35 of 3rd period - Jiri Slegr is hit by Ryan Smyth and loses puck.
17:46 of 3rd period - Penalty to Steve Begin is over, Steve Begin is back on ice.
18:15 of 3rd period - Snap shot by Pavel Datsyuk.
18:15 of 3rd period - Shot Blocked by Tom Sestito.
18:38 of 3rd period - Snap shot by Jere Lehtinen.
18:38 of 3rd period - Stopped by Cam Ward without a rebound.
18:39 of 3rd period - Marty Reasoner wins face-off versus Maxim Talbot in Oilers zone.
18:46 of 3rd period - Snap shot by Patrick Kaleta.
18:46 of 3rd period - Shot Misses the Net.
18:48 of 3rd period - Wrist shot by Steve Begin.
18:48 of 3rd period - Stopped by Patrick Lalime without a rebound.
18:49 of 3rd period - Marty Reasoner wins face-off versus Maxim Talbot in Avalanche zone.
19:03 of 3rd period - Off-side.
19:04 of 3rd period - Mike Comrie wins face-off versus Pierre-Marc Bouchard in neutral zone.
19:09 of 3rd period - Wrist shot by Ilya Kovalchuk.
19:09 of 3rd period - Shot Misses the Net.
19:11 of 3rd period - Snap shot by Pascal Dupuis.
19:11 of 3rd period - Shot Misses the Net.
19:13 of 3rd period - Backhand shot by Ilya Kovalchuk.
19:13 of 3rd period - Deflect By Pascal Dupuis.
19:13 of 3rd period - Shot Misses the Net.
19:13 of 3rd period - Puck is out of play.
19:14 of 3rd period - Pierre-Marc Bouchard wins face-off versus Mike Comrie in Avalanche zone.
19:21 of 3rd period - Slapshot by Pierre-Marc Bouchard.
19:21 of 3rd period - Stopped by Patrick Lalime without a rebound.
19:22 of 3rd period - Mike Comrie wins face-off versus Pierre-Marc Bouchard in Avalanche zone.
19:22 of 3rd period - Mike Comrie is hit by Ilya Kovalchuk.
19:48 of 3rd period - Ryan Smyth is hit by Steve Begin and loses puck.
Output by the SimonT Hockey Simulator (STHS) for François Prévost -- Original Page W3C XHTML 1.0 Valid